 Dungeon Sprint DCSS version 0.19.0-18-g426998a (webtiles) character file.

1027 poirepourri the Geomancer (level 8, -9/41 HPs)
             Began as a Gargoyle Earth Elementalist on Nov 11, 2016.
             Was an Initiate of Vehumet.
             Mangled by a deep troll (10 damage)
             ... in the Dungeon (Sprint I: "Red Sonja").
             The game lasted 00:00:56 (740 turns).

poirepourri the Geomancer (GrEE)                     Turns: 740, Time: 00:00:57

Health: -9/41      AC:  7    Str: 13    XL:     8   Next: 23%
Magic:  12/21      EV: 14    Int: 17    God:    Vehumet [......]
Gold:   405        SH:  0    Dex: 10    Spells: 5 memorised, 10 levels left

rFire  . . .     SeeInvis .     b - 3 stones
rCold  . . .     Gourm    .     c - +0 robe
rNeg   + . .     Faith    .     (no shield)
rPois  ∞         Spirit   .     (no helmet)
rElec  +         Reflect  .     (no cloak)
rCorr  .         Harm     .     (no gloves)
MR     .....     NoTele   +     (no boots)
Stlth  +++.......               (no amulet)
                                (no ring)
                                (no ring)

@: no status effects
A: negative energy resistance 1, electricity resistance, unbreathing,
petrification resistance, rot immunity, AC +5
a: Renounce Religion


You were in the Dungeon.
You worshipped Vehumet.
Vehumet was noncommittal.
You were not hungry.

You visited 1 branch You collected 405 gold pieces.

Inventory:

Missiles
 b - 3 stones (in hand)
Armour
 c - a +0 robe (worn)
Scrolls
 j - a scroll of blinking
Potions
 a - a potion of brilliance {unknown}
 e - a potion of curing
 f - a potion of heal wounds
 h - a potion of magic
 i - a potion of berserk rage
Books
 k - a book of Geomancy

   Spells                             Type                      Level
   a - Sandblast                      Earth                        1
   b - Passwall                       Transmutation/Earth          2
   c - Stone Arrow                    Conjuration/Earth            3
   d - Petrify                        Transmutation/Earth          4
   e - Lee's Rapid Deconstruction     Earth                        5
Comestibles
 d - a bread ration
 g - a beef jerky


   Skills:
 + Level 5.0 Dodging
 + Level 5.4 Stealth
 - Level 2.0 Unarmed Combat
 + Level 9.2 Spellcasting
 + Level 0.7 Conjurations
 + Level 0.7 Transmutations
 + Level 14.6 Earth Magic


You had 10 spell levels left.
You knew the following spells:

 Your Spells              Type           Power        Failure   Level  Hunger
a - Sandblast             Erth           ######       1%          1    None
b - Passwall              Tmut/Erth      ####......   1%          2    None
c - Stone Arrow           Conj/Erth      ####..       1%          3    None
d - Petrify               Tmut/Erth      ####....     4%          4    ###....
e - Lee's Rapid Deconstr  Erth           ######....   1%          5    #####..


Dungeon Overview and Level Annotations

Branches:
Dungeon (1/1)

Altars:
Cheibriados
Dithmenos
Elyvilon
Fedhas
Gozag
Hepliaklqana
Kikubaaqudgha
Nemelex Xobeh
Okawaru
Qazlal
Ru
Sif Muna
Trog
Uskayaw
Vehumet
Yredelemnul
Zin
The Shining One

Shops:
D !


Innate Abilities, Weirdness & Mutations

You are resistant to torment.
Your stone body is resilient. (AC +5)
You are immune to poison.
You resist negative energy. (rN+)
You are resistant to electric shocks. (rElec)
You can survive without breathing.
You are immune to petrification.
You are immune to rotting.


Message History

Confirm with . or Enter, or press ? or * to list all spells.
Aiming: Stone Arrow
Press: ? - help, Shift-Dir - straight line, f/p - deep troll
Aim: a deep troll (moderately wounded)
The stone arrow hits the deep troll.
The deep troll is heavily wounded.
The deep troll bites you!! The deep troll misses you.
The deep troll claws you but does no damage.
Casting: Stone Arrow
Confirm with . or Enter, or press ? or * to list all spells.
Aiming: Stone Arrow
Press: ? - help, Shift-Dir - straight line, f/p - deep troll
Aim: a deep troll (heavily wounded)
The stone arrow hits the deep troll.
The deep troll is severely wounded.
The deep troll bites you!!
Ouch! That really hurt!
* * * LOW HITPOINT WARNING * * *
The deep troll claws you!
You die...

#..#####'#####'#
#..####..#...#)#
#..#__####.)##)#
#..#_____##'#..+
#⌠⌠#_.∩...÷.(._#
####_..__##_.#'#
#_____###'#.#
#########.####+###
+...@T$.$$+
#..(####### ##.##
#+#


You could see a deep troll.

Vanquished Creatures
  Sonja (D)
  Sigmund (D)
  A yak (D)
  An ogre (D)
  A jelly (D)
  Ijyb (D)
6 creatures vanquished.

Notes
Turn   | Place    | Note
-------+----------+-------------------------------------------
     0 | D        | poirepourri the Gargoyle Earth Elementalist began the quest for the Orb.
     0 | D        | Reached XP level 1. HP: 10/10 MP: 3/3
     1 | D        | Noticed Ijyb
    26 | D        | Killed Ijyb
    26 | D        | Reached skill level 6 in Earth Magic
    26 | D        | Reached XP level 2. HP: 6/15 MP: 1/6
    26 | D        | Reached XP level 3. HP: 8/19 MP: 1/7
   191 | D        | Learned a level 2 spell: Passwall
   195 | D        | Learned a level 3 spell: Stone Arrow
   294 | D        | Noticed an ogre
   296 | D        | Killed an ogre
   296 | D        | Reached skill level 1 in Unarmed Combat
   296 | D        | Reached skill level 9 in Earth Magic
   296 | D        | Reached XP level 4. HP: 24/24 MP: 5/10
   296 | D        | Reached XP level 5. HP: 28/28 MP: 5/11
   351 | D        | Noticed Sigmund
   354 | D        | Killed Sigmund
   354 | D        | Reached skill level 11 in Earth Magic
   354 | D        | Reached XP level 6. HP: 31/32 MP: 9/15
   408 | D        | Found a deep blue altar of Sif Muna.
   410 | D        | Found a radiant altar of Vehumet.
   442 | D        | Learned a level 4 spell: Petrify
   448 | D        | Learned a level 5 spell: Lee's Rapid Deconstruction
   452 | D        | Became a worshipper of Vehumet
   454 | D        | Found Kioseju's Distillery.
   454 | D        | Found an ancient bone altar of Kikubaaqudgha.
   454 | D        | Found a hazy altar of Hepliaklqana.
   454 | D        | Found a stormy altar of Qazlal.
   454 | D        | Found a hide-covered altar of Uskayaw.
   454 | D        | Found a blossoming altar of Fedhas.
   454 | D        | Found a bloodstained altar of Trog.
   454 | D        | Found an iron altar of Okawaru.
   454 | D        | Found a basalt altar of Yredelemnul.
   454 | D        | Found a glowing golden altar of the Shining One.
   454 | D        | Found a snail-covered altar of Cheibriados.
   454 | D        | Found a sacrificial altar of Ru.
   454 | D        | Found a glowing silver altar of Zin.
   454 | D        | Found a shadowy altar of Dithmenos.
   454 | D        | Found a white marble altar of Elyvilon.
   454 | D        | Noticed a yak
   457 | D        | Killed a yak
   457 | D        | Reached skill level 12 in Earth Magic
   457 | D        | Reached XP level 7. HP: 36/36 MP: 12/17
   458 | D        | Found an opulent altar of Gozag.
   459 | D        | Found a sparkling altar of Nemelex Xobeh.
   586 | D        | Noticed Sonja
   591 | D        | Killed Sonja
   591 | D        | Reached skill level 5 in Dodging
   591 | D        | Reached skill level 5 in Stealth
   591 | D        | Reached skill level 14 in Earth Magic
   591 | D        | Reached XP level 8. HP: 41/41 MP: 5/21
   733 | D        | Noticed a deep troll
   740 | D        | HP: 1/41 [deep troll (23)]
   740 | D        | Mangled by a deep troll

Skill      XL: |  1  2  3  4  5  6  7 |
---------------+----------------------+-----
Dodging        | 2 3 4 5 |  5.0
Spellcasting   | 3 4 6 7 9 |  9.2
Earth Magic    | 6 9 11 12 14 | 14.6
Stealth        | 3 4 5 |  5.4
Unarmed Combat | 1 2 |  2.0
Conjurations   | |  0.7
Transmutations | |  0.7

Action                   |  1- 3 |  4- 6 |  7- 9 || total
-------------------------+-------+-------+-------++-------
Melee: Unarmed           |    14 |       |       ||    14
 Cast: Sandblast         |     7 |     7 |     4 ||    18
       Stone Arrow       |       |       |     6 ||     6
  Use: Potion            |     2 |       |       ||     2
Armor: Robe              |     5 |       |     2 ||     7
Dodge: Dodged            |     5 |     1 |     9 ||    15
